 Dungeon Crawl Stone Soup version 0.26-a0-808-g930a2b7adc (webtiles) character file.

Game seed: 15440154109915131341

2286 Decritt the Magician (level 9, -1/49 HPs)
             Began as a Deep Elf Air Elementalist on Nov 12, 2020.
             Was a Follower of Vehumet.
             Slain by an orc warrior
             ... wielding a +0 short sword
              (17 damage)
             ... on level 6 of the Dungeon.
             The game lasted 00:48:39 (10697 turns).

Decritt the Magician (Deep Elf Air Elementalist)   Turns: 10697, Time: 00:48:39

Health: -1/49      AC:  4    Str:  5    XL:     9   Next: 17%
Magic:  22/30      EV: 14    Int: 24    God:    Vehumet [*.....]
Gold:   369        SH:  0    Dex: 15    Spells: 15/22 levels left

rFire    . . .     SeeInvis .   C - +4 short sword (freeze)
rCold    . . .     Faith    .   (no shield)
rNeg     . . .     Spirit   .   j - +0 leather armour
rPois    .         Reflect  .   (no helmet)
rElec    .         Harm     .   (no cloak)
rCorr    .         Rampage  .   s - +0 pair of gloves
MR       .....                  (no boots)
Stlth    ++........             (no amulet)
HPRegen  0.16/turn              b - ring of magical power
MPRegen  0.22/turn              (no ring)

@: no status effects
A: no striking features
a: Renounce Religion


You were on level 6 of the Dungeon.
You worshipped Vehumet.
Vehumet was aware of your devotion.
You visited 2 branches of the dungeon, and saw 8 of its levels.

You collected 369 gold pieces.

Inventory:

Hand Weapons
 z - a +3 vorpal hunting sling
 C - a +4 short sword of freezing (weapon)
Missiles
 e - 55 sling bullets
 p - a throwing net
 q - 10 poisoned darts (quivered)
Armour
 a - a +0 robe
 j - a +0 leather armour (worn)
 s - a +0 pair of gloves (worn)
Jewellery
 b - a ring of magical power (left hand)
 m - an uncursed ring of ice
 x - an uncursed ring of see invisible {unknown}
Wands
 E - a wand of iceblast (9)
Scrolls
 f - a scroll of remove curse
 g - a scroll of fog {unknown}
 h - a scroll of random uselessness {unknown}
 i - a scroll of noise {unknown}
 n - a scroll of enchant armour {unknown}
 o - 2 scrolls of teleportation {unknown}
 r - a scroll of identify
 t - a scroll of amnesia
 y - a scroll of immolation {unknown}
 D - a scroll of enchant weapon {unknown}
Potions
 c - a potion of curing
 d - 2 potions of might
 k - a potion of ambrosia {unknown}
 l - a potion of flight
 u - a potion of invisibility
 v - a potion of lignification
 w - a potion of mutation {unknown}
 A - 2 potions of degeneration {unknown}
 B - a potion of berserk rage {unknown}


   Skills:
 * Level 2.6 Fighting
 * Level 4.3 Armour
 * Level 5.2 Dodging
 - Level 2.4 Stealth
 + Level 7.2 Spellcasting
 + Level 5.6 Conjurations
 + Level 7.0 Air Magic


You had 15 spell levels left.
You knew the following spells:

 Your Spells              Type           Power        Failure   Level
a - Shock                 Conj/Air       ####         1%          1
b - Airstrike             Air            #####.....   6%          4
c - Swiftness             Air            #####...     1%          2

Your spell library contained the following spells:

 Spells                   Type           Power        Failure   Level
 Magic Dart               Conj           ####         1%          1
 Static Discharge         Conj/Air       #####...     2%          3
 Lightning Bolt           Conj/Air       #####.....   22%         5
 Summon Lightning Spire   Summ/Air       ####....     26%         4
 Silence                  Hex/Air        ####......   58%         5
 Conjure Ball Lightning   Conj/Air       #####.....   77%         6
 Tornado                  Air            #####.....   100%        9


Dungeon Overview and Level Annotations

Branches:
Dungeon (7/15)             Temple (1/1) D:6

Altars:
Ashenzari
Cheibriados
Dithmenos
Elyvilon
Fedhas
Gozag
Hepliaklqana
Kikubaaqudgha
Makhleb
Nemelex Xobeh
Qazlal
Ru
Trog
Uskayaw
Vehumet
Wu Jian
Xom
Yredelemnul
Zin
The Shining One

Shops:
D:4 !

Annotations:
D:3 Sigmund
D:7 4 runed translucent doors


Message History

Casting: Airstrike (dangerous; 6% risk of failure)
Confirm with . or Enter, or press ? or * to list all spells.
Aiming: Airstrike (dangerous; 6% risk of failure)
Press: ? - help, Dir - move target cursor, f/p - orc warrior
Aim: an orc warrior, wielding a +0 short sword and wearing a cursed +0 chain mail (moderately wounded)
The air twists around and strikes the orc warrior!
The orc warrior is severely wounded.
The kobold hits you with a +0 short sword.
* * * LOW HITPOINT WARNING * * *
The orc warrior hits you with a +0 short sword.
* * * LOW HITPOINT WARNING * * *
Casting: Airstrike (dangerous; 6% risk of failure)
Confirm with . or Enter, or press ? or * to list all spells.
Aiming: Airstrike (dangerous; 6% risk of failure)
Press: ? - help, Dir - move target cursor, f/p - orc warrior
Aim: an orc warrior, wielding a +0 short sword and wearing a cursed +0 chain mail (severely wounded)
Okay, then.
You feel better. The kobold closely misses you.
The orc warrior hits you with a +0 short sword!
You die...

#################################
.................................
#################################
########### ###
##.........####################.#
.'.........'....................#
##.......(.##########......####.#
......[.....####@####......'.....
####.#########8.Ko8##......####..
..##.#### ##.....##......# #.#
..##....# #_....._######## #.#
..#####.######.....## #)#
..'......(..##8...8# #.#
..#####.######.....## #######'#
...#........#_....._# #.....b..
.#.#.##.###.##.....## #.b......


You could see an orc warrior and a kobold.

Vanquished Creatures
  Joseph (D:7)
  2 black bears (D:7)
  An ice beast (D:6)
  2 ogres
  A big kobold (D:4)
  2 bullfrogs
  A scorpion (D:6)
  4 wights (D:6)
  A howler monkey (D:6)
  A centaur zombie (D:6)
  3 orc priests
  5 hounds
  3 jellies
  3 centaur skeletons
  Jessica (D:2)
  7 orc wizards
  An iguana (D:4)
  Natasha (twice) (D:3)
  4 worker ants
  A hound zombie (D:4)
  A hound skeleton (D:3)
  A worker ant zombie (D:3)
  7 adders
  2 shadow imps
  2 oozes
  An adder zombie (D:3)
  An adder skeleton (D:4)
  3 worms
  A dart slug (D:3)
  6 leopard geckos
  15 orcs
  4 giant cockroaches
  5 goblins
  10 hobgoblins
  6 jackals
  2 quokkas
  A ball python skeleton (D:4)
  4 bats
  7 frilled lizards
  2 jackal skeletons (D:3)
  A jackal zombie (D:5)
  18 kobolds
  A leopard gecko skeleton (D:3)
  A quokka zombie (D:5)
  3 rats
151 creatures vanquished.

Vanquished Creatures (others)
  5 withered plants (D:3)
5 creatures vanquished.

Grand Total: 156 creatures vanquished

Notes
Turn   | Place    | Note
-------+----------+-------------------------------------------
     0 | D:1      | Decritt the Deep Elf Air Elementalist began the quest for
                  | the Orb.
     0 | D:1      | Reached XP level 1. HP: 10/10 MP: 6/6
  1056 | D:1      | Reached XP level 2. HP: 15/15 MP: 8/8
  1541 | D:2      | Noticed Jessica
  1544 | D:2      | Killed Jessica
  1544 | D:2      | Reached XP level 3. HP: 20/20 MP: 9/9
  1738 | D:2      | Reached skill level 1 in Armour
  2052 | D:3      | Reached XP level 4. HP: 24/24 MP: 11/11
  2293 | D:2      | Learned a level 4 spell: Airstrike
  2296 | D:2      | Learned a level 2 spell: Swiftness
  2593 | D:3      | Noticed Sigmund
  3477 | D:3      | Reached XP level 5. HP: 28/28 MP: 12/12
  3496 | D:3      | Noticed an ogre
  3516 | D:2      | Killed an ogre
  3516 | D:2      | Reached skill level 1 in Fighting
  3741 | D:3      | Found a sparkling altar of Nemelex Xobeh.
  3768 | D:3      | Noticed Natasha
  3776 | D:3      | Killed Natasha
  4222 | D:4      | Reached XP level 6. HP: 33/34 MP: 14/14
  4846 | D:3      | Noticed Natasha
  4850 | D:3      | Killed Natasha
  4850 | D:3      | Reached XP level 7. HP: 26/38 MP: 15/15
  5279 | D:4      | Got a heavily runed scale mail
  5289 | D:4      | Identified the +1 scale mail of the Sacrificial Victim
                  | {MR+} (You found it on level 4 of the Dungeon)
  5380 | D:4      | Found a burning altar of Makhleb.
  5458 | D:4      | Reached skill level 5 in Air Magic
  5646 | D:4      | Found Galiefub's Distillery.
  5920 | D:5      | Entered Level 5 of the Dungeon
  7488 | D:6      | Reached skill level 5 in Spellcasting
  7636 | D:6      | Found a blossoming altar of Fedhas.
  7637 | D:6      | Found a radiant altar of Vehumet.
  7737 | D:6      | Reached XP level 8. HP: 43/43 MP: 17/17
  7855 | D:6      | Found a shimmering altar of Xom.
  7875 | D:6      | Found a staircase to the Ecumenical Temple.
  7885 | Temple   | Entered the Ecumenical Temple
  8309 | D:6      | Found a hide-covered altar of Uskayaw.
  8504 | D:6      | Became a worshipper of Vehumet
  8999 | D:7      | Found a large runed translucent door.
  8999 | D:7      | Found a large runed translucent door.
  9365 | D:7      | Reached skill level 5 in Conjurations
  9495 | D:7      | Found a large runed translucent door.
  9496 | D:7      | Found a large runed translucent door.
  9853 | D:7      | Found a basalt altar of Yredelemnul.
  9853 | D:7      | Noticed Joseph
  9863 | D:7      | Killed Joseph
  9863 | D:7      | Reached skill level 5 in Dodging
  9863 | D:7      | Reached XP level 9. HP: 11/49 MP: 13/21
 10354 | D:7      | Reached * piety under Vehumet
 10354 | D:7      | Offered knowledge of Magic Dart by Vehumet.
 10697 | D:6      | Slain by an orc warrior

Illustrated notes

Levels and vault maps discovered:
D:1:      scummos_arrival_simple_fountains, layout_basic
D:2:      layout_rooms, uniq_jessica
D:3:      layout_basic, nemelex_altar_shiori, serial_undead, serial_undead_e,
          serial_undead_b, serial_undead_b, serial_undead_b, serial_undead_d,
          serial_undead_d, serial_undead_e, item_on_display_a, uniq_sigmund,
          uniq_natasha
D:4:      cheibrodos_thug_alley, layout_basic, makhleb_blood_cavern_becter,
          serial_shops, kennysheep_little_box, serial_park_tiny_pond, hex_tiny,
          minmay_manual_mail
D:5:      layout_loops_cross
D:6:      layout_basic, nicolae_overflow_hidden_temple,
          minmay_temple_entry_butterflies
D:7:      layout_gridville, yredelemnul_altar_generic, gammafunk_ghost_grave,
          minmay_hollow_rounded_squares, uniq_joseph
Temple:   cyrus_circular_temple

Skill      XL: |  1  2  3  4  5  6  7  8  9 |
---------------+----------------------------+-----
Conjurations   | 2 3 5 |  5.6
Armour         | 1 2 4 |  4.3
Dodging        | 3 4 5 |  5.2
Fighting       | 1 2 |  2.6
Air Magic      | 4 5 6 7 |  7.0
Spellcasting   | 4 5 7 |  7.2
Stealth        | |  2.4

Action                   |  1- 3 |  4- 6 |  7- 9 || total
-------------------------+-------+-------+-------++-------
Melee: Long sword        |       |     7 |       ||     7
       Quarterstaff      |       |       |    28 ||    28
       Short sword       |       |       |     5 ||     5
 Fire: Hunting sling     |    13 |       |    28 ||    41
Throw: Dart              |       |     7 |     3 ||    10
 Cast: Shock             |    62 |   152 |   177 ||   391
       Swiftness         |       |       |     3 ||     3
       Airstrike         |       |       |    34 ||    34
  Use: Scroll            |       |     7 |     1 ||     8
       Potion            |       |       |     4 ||     4
Armor: Robe              |     2 |     7 |     5 ||    14
       Skin              |       |       |    22 ||    22
       Leather armour    |       |       |     8 ||     8
Dodge: Dodged            |    17 |    52 |    72 ||   141
       Rpst.: Long sword |       |     8 |       ||     8

Table legend: (Time is in decaauts)
 A = Elapsed time spent in this place.
 B = Non-inter-level travel time spent in this place.
 C = Inter-level travel time spent in this place.
 D = Time resting spent in this place.
 E = Time spent auto-exploring this place.
 F = Levels seen in this place.
 G = Mean time per level.
                   A        B        C        D        E       F      G
               +--------+--------+--------+--------+--------+-----+--------+
         Total |  10727 |  10240 |    487 |   3978 |   3787 |   8 | 1340.9 |
       Dungeon |  10622 |  10135 |    487 |   3978 |   3740 |   7 | 1517.4 |
        Temple |    104 |    104 |      0 |      0 |     47 |   1 |  104.0 |
               +--------+--------+--------+--------+--------+-----+--------+

Top non-repeatable levels by time:
     D:6: 2051 daAuts
     D:4: 1747 daAuts
     D:2: 1630 daAuts
     D:3: 1630 daAuts
     D:1: 1424 daAuts
     D:7: 1159 daAuts
     D:5: 979 daAuts
  Temple: 104 daAuts
